Workbook
Name ____sub1: #REF!
Name ____sub1: #N/A
Name ____sub2: #REF!
Name ____sub2: #N/A
Name ____sub3: #REF!
Name ____sub3: #N/A
Name a: #REF!
Name ABC: OFFSET([3]Composições!#REF!,1,0):OFFSET([3]Composições!#REF!,-1,0)
Name AREA: #REF!
Name B: #REF!
Name BDI: #REF!
Name DOLAR: [1]INSUMOS!$G$8
Name EMPRESAS: OFFSET([3]Composições!#REF!,1,0):OFFSET([3]Composições!#REF!,-1,0)
Name Excel_BuiltIn_Print_Area_2: #REF!
Name Excel_BuiltIn_Print_Area_2_1: #REF!
Name Excel_BuiltIn_Print_Area_2_1_1: #REF!
Name Excel_BuiltIn_Print_Area_2_1_1_1: #REF!
Name Excel_BuiltIn_Print_Area_4: #REF!
Name INDICES: OFFSET([3]Composições!#REF!,1,0):OFFSET([3]Composições!#REF!,-1,0)
Name obra: #REF!
Name obra1: #REF!
Name obra2: #REF!
Name obra3: #REF!
Name obra4: #REF!
Name obra5: #REF!
Name P.1: #REF!
Name P.10: #REF!
Name P.11: #REF!
Name P.12: #REF!
Name P.13: #REF!
Name P.14: #REF!
Name P.15: #REF!
Name P.2: #REF!
Name P.3: #REF!
Name P.4: #REF!
Name P.5: #REF!
Name P.6: #REF!
Name P.7: #REF!
Name P.8: #REF!
Name P.9: #REF!
Name Pedreiro_de_acabamento: [1]INSUMOS!$B$11
Name PP1.1: #REF!
Name PP1.10: #REF!
Name PP1.11: #REF!
Name PP1.12: #REF!
Name PP1.13: #REF!
Name PP1.14: #REF!
Name PP1.15: #REF!
Name PP1.2: #REF!
Name PP1.3: #REF!
Name PP1.4: #REF!
Name PP1.5: #REF!
Name PP1.6: #REF!
Name PP1.7: #REF!
Name PP1.8: #REF!
Name PP1.9: #REF!
Name T.1: #REF!
Name T.10: #REF!
Name T.11: #REF!
Name T.12: #REF!

Sheet PLANILHA
A2: PLANILHA ORÇAMENTÁRIA DE CUSTOS
A3: PREFEITURA: | B3: Piraúba/MG | F3: DATA DA PLANILHA:
A4: OBJETO: | B4: CONSTRUÇÃO DE MIRANTE NO MORRO DO CRUZEIRO | F4: REGIME DE DESONERAÇÃO: | I4: NÃO-DESONERADO
A5: LOCAL: | B5: Subida do Morro do Cruzeiro, s/n - Centro - Pirauba/MG | F5: DATA-BASE SINAPI: | H5: 02-2023
A6: REGIME DE EXECUÇÃO: Empreitada Global | F6: FORMA DE EXECUÇÃO:
A7: REFERÊNCIA: SINAPI Composições e Insumos/FEVEREIRO-2023 (não-desonerado) | SETOP Leste Composições/JANEIRO-2023 (não-desonerado) | F7: ( ) | G7: DIRETA | H7: ( X ) | I7: INDIRETA
A8: PRAZO DE EXECUÇÃO: 3 meses | H8: BDI
A9: ITEM | B9: CÓDIGO | C9: FONTE | D9: DESCRIÇÃO | E9: UNID. | F9: QTDE. | G9: PREÇO UNITÁRIO S/ BDI | H9: PREÇO UNITÁRIO C/ BDI | I9: PREÇO TOTAL
A10: 1 | B10: SERVIÇOS PRELIMINARES | I10: =SUM(I11:I13) -> 0
A11: 1.1 | B11: ED-16660 | C11: SEINFRA-MG (LESTE) | D11: FORNECIMENTO E COLOCAÇÃO DE PLACA DE OBRA EM CHAPA GALVANIZADA #26, ESP. 0,45 MM, PLOTADA COM ADESIVO VINÍLICO, AFIXADA COM REBITES 4,8X40 MM, EM ESTRUTURA METÁLICA DE METALON 20X20 MM, ESP. 1,25 MM, INCLUSIVE SUPORTE EM EUCALIPTO AUTOCLAVADO PINTADO COM TINTA PVA DUAS (2) DEMÃOS | E11: m2 | F11: 2.5 | H11: =IF(B11="","",ROUND(G11+(G11*$I$8),2)) -> 0 | I11: =IF(B11="","",ROUND(F11*H11,2)) -> 0
A12: 1.2 | B12: ED-50128 | C12: SEINFRA-MG (LESTE) | D12: BARRACÃO DE OBRA PARA DEPÓSITO E FERRAMENTARIA TIPO-I, ÁREA INTERNA 14,52M2, EM CHAPA DE COMPENSADO RESINADO, INCLUSIVE MOBILIÁRIO (OBRA DE PEQUENO PORTE, EFETIVO ATÉ 30 HOMENS), PADRÃO DER-MG | E12: un | F12: 1 | H12: =IF(B12="","",ROUND(G12+(G12*$I$8),2)) -> 0 | I12: =IF(B12="","",ROUND(F12*H12,2)) -> 0
A13: 1.3 | B13: ED-50155 | C13: SEINFRA-MG (LESTE) | D13: LOCAÇÃO DE BANHEIRO QUÍMICO, DIMENSÃO (110X120X230)CM, LINHA PADRÃO, CONTENDO UMA (1) PIA/HIGIENIZADOR DE MÃOS, INCLUSIVE MANUTENÇÃO E MOBILIZAÇÃO/DESMOBILIZAÇÃO | E13: mês | F13: 3 | H13: =IF(B13="","",ROUND(G13+(G13*$I$8),2)) -> 0 | I13: =IF(B13="","",ROUND(F13*H13,2)) -> 0
A14: 2 | B14: MOVIMENTAÇÃO DE TERRA | I14: =SUM(I15:I18) -> 0
A15: 2.1 | B15: 101233 | C15: SINAPI | D15: ESCAVAÇÃO VERTICAL A CÉU ABERTO, EM OBRAS DE INFRAESTRUTURA, INCLUINDO CARGA, DESCARGA E TRANSPORTE, EM SOLO DE 1ª CATEGORIA COM ESCAVADEIRA HIDRÁULICA (CAÇAMBA: 1,2 M³ / 155 HP), FROTA DE 3 CAMINHÕES BASCULANTES DE 18 M³, DMT ATÉ 1 KM E VELOCIDADE MÉDIA14KM/H. AF_05/2020 | E15: M3 | F15: =ROUND((629.92+149.54+168.35)*1,2) -> 947.81 | G15: A CARGO DA PREFEITURA
A16: 2.2 | B16: S/ CÓDIGO | D16: FORNECIMENTO DE SOLO COMUM PARA REATERRO, COM DMT DE ATÉ 1 KM | E16: M3 | F16: =ROUND((50.87+375.17+298.04+297.02+293.62)*1,2)-F15 -> 366.91 | G16: A CARGO DA PREFEITURA
A17: 2.3 | B17: 93367 | C17: SINAPI | D17: REATERRO MECANIZADO DE VALA COM ESCAVADEIRA HIDRÁULICA (CAPACIDADE DA CAÇAMBA: 0,8 M³ / POTÊNCIA: 111 HP), LARGURA DE 1,5 A 2,5 M, PROFUNDIDADE ATÉ 1,5 M, COM SOLO DE 1ª CATEGORIA EM LOCAIS COM BAIXO NÍVEL DE INTERFERÊNCIA. AF_04/2016 | E17: M3 | F17: =ROUND((50.87+375.17+298.04+297.02+293.62)*1,2) -> 1314.72 | G17: A CARGO DA PREFEITURA
A18: 2.4 | B18: 100576 | C18: SINAPI | D18: REGULARIZAÇÃO E COMPACTAÇÃO DE SUBLEITO DE SOLO PREDOMINANTEMENTE ARGILOSO. AF_11/2019 | E18: M2 | F18: =435.96+55.94+10.62+24.6+53.1+(250.44)+((4.36+10.08+11.78+14.8+11.9+2.4+10.8+6.18+12.92+7.32)*1.2)+((3.7+1.2)*1.2)+((((4.81+2)*2)/2)*2)+13.5 -> 974.708 | H18: =IF(B18="","",ROUND(G18+(G18*$I$8),2)) -> 0 | I18: =IF(B18="","",ROUND(F18*H18,2)) -> 0
A19: 3 | B19: CONTENÇÃO (BASE DA MURETA DO MIRANTE) | I19: =SUM(I20:I23) -> 0
A20: 3.1 | B20: ED-51107 | C20: SEINFRA-MG (LESTE) | D20: ESCAVAÇÃO MANUAL DE VALA COM PROFUNDIDADE MENOR OU IGUAL A 1,5M | E20: m3 | F20: =ROUND((17*3.23)*0.5*1,2) -> 27.46 | H20: =IF(B20="","",ROUND(G20+(G20*$I$8),2)) -> 0 | I20: =IF(B20="","",ROUND(F20*H20,2)) -> 0
A21: 3.2 | B21: 100341 | C21: SINAPI | D21: FABRICAÇÃO, MONTAGEM E DESMONTAGEM DE FÔRMA PARA CORTINA DE CONTENÇÃO, EM CHAPA DE MADEIRA COMPENSADA PLASTIFICADA, E = 18 MM, 10 UTILIZAÇÕES. AF_07/2019 | E21: M2 | F21: =ROUND((17*3.23)*(1+0.15+0.5),2) -> 90.6 | H21: =IF(B21="","",ROUND(G21+(G21*$I$8),2)) -> 0 | I21: =IF(B21="","",ROUND(F21*H21,2)) -> 0
A22: 3.3 | B22: 102487 | C22: SINAPI | D22: CONCRETO CICLÓPICO FCK = 15MPA, 30% PEDRA DE MÃO EM VOLUME REAL, INCLUSIVE LANÇAMENTO. AF_05/2021 | E22: M3 | F22: =ROUND((17*3.23)*((0.15*0.3)+((0.5+0.15)*(0.7/2))),2) -> 14.96 | H22: =IF(B22="","",ROUND(G22+(G22*$I$8),2)) -> 0 | I22: =IF(B22="","",ROUND(F22*H22,2)) -> 0
A23: 3.4 | B23: ED-51120 | C23: SEINFRA-MG (LESTE) | D23: REATERRO MANUAL DE VALA | E23: m3 | F23: =F20-F22 -> 12.5 | H23: =IF(B23="","",ROUND(G23+(G23*$I$8),2)) -> 0 | I23: =IF(B23="","",ROUND(F23*H23,2)) -> 0
A24: 4 | B24: MURETAS DE DELIMITAÇÃO/PROTEÇÃO DOS PLATÔS (ALVENARIA) | I24: =SUM(I25:I28) -> 0
A25: 4.1 | B25: ED-48191 | C25: SEINFRA-MG (LESTE) | D25: ALVENARIA DE VEDAÇÃO COM BLOCO DE CONCRETO, ESP. 9CM, PARA REVESTIMENTO, INCLUSIVE ARGAMASSA PARA ASSENTAMENTO | E25: m2 | F25: =ROUND((17*((3.23*1.05)-(2.9*0.78)))+((5.64+4.14+1.5+1.2+3.08+6)*1),2) -> 40.76 | H25: =IF(B25="","",ROUND(G25+(G25*$I$8),2)) -> 0 | I25: =IF(B25="","",ROUND(F25*H25,2)) -> 0
A26: 4.2 | B26: 20068 | C26: SINAPI-I | D26: TUBO PVC, SERIE R, DN 50 MM, PARA ESGOTO OU AGUAS PLUVIAIS PREDIAL (NBR 5688) | E26: M | F26: =ROUND(17*2*0.2,2) -> 6.8 | H26: =IF(B26="","",ROUND(G26+(G26*$I$8),2)) -> 0 | I26: =IF(B26="","",ROUND(F26*H26,2)) -> 0
A27: 4.3 | B27: ED-49810 | C27: SEINFRA-MG (LESTE) | D27: FORMA E DESFORMA DE TÁBUA E SARRAFO, REAPROVEITAMENTO (3X) (FUNDAÇÃO) | E27: m2 | F27: =ROUND((17*3.23)*(0.05+0.05+0.05+0.05),2) -> 10.98 | H27: =IF(B27="","",ROUND(G27+(G27*$I$8),2)) -> 0 | I27: =IF(B27="","",ROUND(F27*H27,2)) -> 0
A28: 4.4 | B28: 94963 | C28: SINAPI | D28: CONCRETO FCK = 15MPA, TRAÇO 1:3,4:3,5 (EM MASSA SECA DE CIMENTO/ AREIA MÉDIA/ BRITA 1) - PREPARO MECÂNICO COM BETONEIRA 400 L. AF_05/2021 | E28: M3 | F28: =ROUND((17*3.23)*0.25*0.05,2) -> 0.69 | H28: =IF(B28="","",ROUND(G28+(G28*$I$8),2)) -> 0 | I28: =IF(B28="","",ROUND(F28*H28,2)) -> 0
A29: 5 | B29: ESCADAS E RAMPAS | I29: =SUM(I31:I35) -> 0
B30: DEGRAUS DAS ESCADAS:
A31: 5.1 | B31: 96995 | C31: SINAPI | D31: REATERRO MANUAL APILOADO COM SOQUETE. AF_10/2017 | E31: M3 | F31: =ROUND(((((0.165+0.33+0.495+0.66+0.825+1.335+1.5+1.665+1.83)*0.3)+((1+1.18)*(1.5/2)))*8.85)+((0.09+0.24+0.39+0.54+0.69)*0.3*2.4),2) -> 39.25 | H31: =IF(B31="","",ROUND(G31+(G31*$I$8),2)) -> 0 | I31: =IF(B31="","",ROUND(F31*H31,2)) -> 0
A32: 5.2 | B32: ED-49810 | C32: SEINFRA-MG (LESTE) | D32: FORMA E DESFORMA DE TÁBUA E SARRAFO, REAPROVEITAMENTO (3X) (FUNDAÇÃO) | E32: m2 | F32: =ROUND(((((0.165+0.33+0.495+0.66+0.825+1.335+1.5+1.665+1.83)*0.3)+((1+1.18)*(1.5/2))))+((0.09+0.24+0.39+0.54+0.69)*0.3),2) -> 4.86 | H32: =IF(B32="","",ROUND(G32+(G32*$I$8),2)) -> 0 | I32: =IF(B32="","",ROUND(F32*H32,2)) -> 0
A33: 5.3 | B33: 94963 | C33: SINAPI | D33: CONCRETO FCK = 15MPA, TRAÇO 1:3,4:3,5 (EM MASSA SECA DE CIMENTO/ AREIA MÉDIA/ BRITA 1) - PREPARO MECÂNICO COM BETONEIRA 400 L. AF_05/2021 | E33: M3 | F33: =ROUND(((0.165+0.3 + 0.165+0.3 + 0.165+0.3 + 0.165+0.3 + 0.165+0.3 + 0.165+1.5+0.165 + 0.3+0.165 + 0.3+0.165 + 0.3+0.165 + 0.3+0.165)*0.06*8.85)+((0.15+0.3 + 0.15+0.3 + 0.15+0.3 + 0.15+0.3 + 0.15+0.3)*0.06*2.4),2) -> 3.52 | H33: =IF(B33="","",ROUND(G33+(G33*$I$8),2)) -> 0 | I33: =IF(B33="","",ROUND(F33*H33,2)) -> 0
B34: RAMPA:
A35: 5.4 | B35: 94990 | C35: SINAPI | D35: EXECUÇÃO DE PASSEIO (CALÇADA) OU PISO DE CONCRETO COM CONCRETO MOLDADO IN LOCO, FEITO EM OBRA, ACABAMENTO CONVENCIONAL, NÃO ARMADO. AF_08/2022 | E35: M3 | F35: =ROUND((1.5+5+3+5)*1.5*0.06,2) -> 1.31 | H35: =IF(B35="","",ROUND(G35+(G35*$I$8),2)) -> 0 | I35: =IF(B35="","",ROUND(F35*H35,2)) -> 0
A36: 6 | B36: INSTALAÇÕES ELÉTRICAS (ILUMINAÇÃO DO MIRANTE E CRUZEIRO) | I36: =SUM(I37:I43) -> 0
A37: 6.1 | B37: ED-49499 | C37: SEINFRA-MG (LESTE) | D37: QUADRO DE DISTRIBUIÇÃO PARA 12 MÓDULOS COM BARRAMENTO E CHAVE | E37: un | F37: 1 | H37: =IF(B37="","",ROUND(G37+(G37*$I$8),2)) -> 0 | I37: =IF(B37="","",ROUND(F37*H37,2)) -> 0
A38: 6.2 | B38: ED-49266 | C38: SEINFRA-MG (LESTE) | D38: DISJUNTOR TRIPOLAR TERMOMAGNÉTICO 10KA, DE 200A | E38: un | F38: 1 | H38: =IF(B38="","",ROUND(G38+(G38*$I$8),2)) -> 0 | I38: =IF(B38="","",ROUND(F38*H38,2)) -> 0
A39: 6.3 | B39: ED-49231 | C39: SEINFRA-MG (LESTE) | D39: DISJUNTOR MONOPOLAR TERMOMAGNÉTICO 5KA, DE 20A | E39: un | F39: 2 | H39: =IF(B39="","",ROUND(G39+(G39*$I$8),2)) -> 0 | I39: =IF(B39="","",ROUND(F39*H39,2)) -> 0
A40: 6.4 | B40: ED-50228 | C40: SEINFRA-MG (LESTE) | D40: PONTO DE EMBUTIR PARA UMA (1) LUMINÁRIA,COM ELETRODUTO DE PVC RÍGIDO ROSCÁVEL, DN 20MM (3/4"), EMBUTIDO NA LAJE E CABO DE COBRE FLEXÍVEL, CLASSE 5, ISOLAMENTO TIPO LSHF/ATOX, NÃO HALOGENADO, SEÇÃO 1,5MM2 (70°C-450/750V), COM DISTÂNCIA DE ATÉ CINCO (5) METROS DO PONTO DE DERIVAÇÃO, EXCLUSIVE LUMINÁRIA, INCLUSIVE CAIXA DE LIGAÇÃO OCTOGONAL, SUPORTE E FIXAÇÃO DO ELETRODUTO | E40: un | F40: 20 | H40: =IF(B40="","",ROUND(G40+(G40*$I$8),2)) -> 0 | I40: =IF(B40="","",ROUND(F40*H40,2)) -> 0
A41: 6.5 | B41: ED-49172 | C41: SEINFRA-MG (LESTE) | D41: CAIXA ALVENARIA 70 X 70 X 50 CM PARA REFLETOR, COM GRADE, TIPO 1, INCLUSIVE ESCAVAÇÃO, REATERRO E BOTA-FORA | E41: un | F41: 20 | H41: =IF(B41="","",ROUND(G41+(G41*$I$8),2)) -> 0 | I41: =IF(B41="","",ROUND(F41*H41,2)) -> 0
A42: 6.6 | B42: ED-27090 (corresponde) | C42: SEINFRA-MG (LESTE) | D42: LUMINÁRIA COMERCIAL COM ALETAS DE SOBREPOR COMPLETA, PARA QUATRO (4) LÂMPADAS TUBULARES LED 4X18W-ØT8, TEMPERATURA DA COR 6500K, FORNECIMENTO E INSTALAÇÃO, INCLUSIVE BASE E LÂMPADA | E42: un | F42: 20 | H42: =IF(B42="","",ROUND(G42+(G42*$I$8),2)) -> 0 | I42: =IF(B42="","",ROUND(F42*H42,2)) -> 0
A43: 6.7 | B43: 103782 | C43: SINAPI | D43: LUMINÁRIA TIPO PLAFON CIRCULAR, DE SOBREPOR, COM LED DE 12/13 W - FORNECIMENTO E INSTALAÇÃO. AF_03/2022 | E43: UN | F43: 16 | H43: =IF(B43="","",ROUND(G43+(G43*$I$8),2)) -> 0 | I43: =IF(B43="","",ROUND(F43*H43,2)) -> 0
A44: 7 | B44: DRENAGEM PLUVIAL E PAVIMENTAÇÃO | I44: =SUM(I45:I54) -> 0
A45: 7.1 | B45: ED-48550 | C45: SEINFRA-MG (LESTE) | D45: BOCA DE LOBO SIMPLES (TIPO B - CONCRETO), QUADRO, GRELHA E CANTONEIRA, INCLUSIVE ESCAVAÇÃO, REATERRO E BOTA-FORA | E45: U | F45: 2 | H45: =IF(B45="","",ROUND(G45+(G45*$I$8),2)) -> 0 | I45: =IF(B45="","",ROUND(F45*H45,2)) -> 0
A46: 7.2 | B46: 94273 | C46: SINAPI | D46: ASSENTAMENTO DE GUIA (MEIO-FIO) EM TRECHO RETO, CONFECCIONADA EM CONCRETO PRÉ-FABRICADO, DIMENSÕES 100X15X13X30 CM (COMPRIMENTO X BASE INFERIOR X BASE SUPERIOR X ALTURA), PARA VIAS URBANAS (USO VIÁRIO). AF_06/2016 | E46: M | F46: =4.36+11.78+14.8+9.5+1.2+12+6.18+12.92+7.32 -> 80.06 | H46: =IF(B46="","",ROUND(G46+(G46*$I$8),2)) -> 0 | I46: =IF(B46="","",ROUND(F46*H46,2)) -> 0
A47: 7.3 | B47: 94274 | C47: SINAPI | D47: ASSENTAMENTO DE GUIA (MEIO-FIO) EM TRECHO CURVO, CONFECCIONADA EM CONCRETO PRÉ-FABRICADO, DIMENSÕES 100X15X13X30 CM (COMPRIMENTO X BASE INFERIOR X BASE SUPERIOR X ALTURA), PARA VIAS URBANAS (USO VIÁRIO). AF_06/2016 | E47: M | F47: 10.08 | H47: =IF(B47="","",ROUND(G47+(G47*$I$8),2)) -> 0 | I47: =IF(B47="","",ROUND(F47*H47,2)) -> 0
A48: 7.4 | B48: 94276 | C48: SINAPI | D48: ASSENTAMENTO DE GUIA (MEIO-FIO) EM TRECHO CURVO, CONFECCIONADA EM CONCRETO PRÉ-FABRICADO, DIMENSÕES 100X15X13X20 CM (COMPRIMENTO X BASE INFERIOR X BASE SUPERIOR X ALTURA), PARA URBANIZAÇÃO INTERNA DE EMPREENDIMENTOS. AF_06/2016 | E48: M | F48: 10.08 | H48: =IF(B48="","",ROUND(G48+(G48*$I$8),2)) -> 0 | I48: =IF(B48="","",ROUND(F48*H48,2)) -> 0
A49: 7.5 | B49: 94287 | C49: SINAPI | D49: EXECUÇÃO DE SARJETA DE CONCRETO USINADO, MOLDADA IN LOCO EM TRECHO RETO, 30 CM BASE X 10 CM ALTURA. AF_06/2016 | E49: M | F49: =14.8+9.5+1.2+12+6.18+12.92+7.32 -> 63.92 | H49: =IF(B49="","",ROUND(G49+(G49*$I$8),2)) -> 0 | I49: =IF(B49="","",ROUND(F49*H49,2)) -> 0
A50: 7.6 | B50: 94990 | C50: SINAPI | D50: EXECUÇÃO DE PASSEIO (CALÇADA) OU PISO DE CONCRETO COM CONCRETO MOLDADO IN LOCO, FEITO EM OBRA, ACABAMENTO CONVENCIONAL, NÃO ARMADO. AF_08/2022 | E50: M3 | F50: =ROUND((435.96+(8.85*1.5)+(5.4*2.5)-((6+3+3+3)*0.3)+((4.36+10.08+11.78+14.8+9.5+1.2+12+6.18+12.92+7.32)*1.2)+(((4.81+2)*(2/2))*2))*0.06,2) -> 34.8 | H50: =IF(B50="","",ROUND(G50+(G50*$I$8),2)) -> 0 | I50: =IF(B50="","",ROUND(F50*H50,2)) -> 0
A51: 7.7 | B51: 93679 | C51: SINAPI | D51: EXECUÇÃO DE PASSEIO EM PISO INTERTRAVADO, COM BLOCO RETANGULAR COLORIDO DE 20 X 10 CM, ESPESSURA 6 CM. AF_10/2022 (COR AMARELA) | E51: M2 | F51: =ROUND(55.94+((6+3+3)*0.1),2) -> 57.14 | H51: =IF(B51="","",ROUND(G51+(G51*$I$8),2)) -> 0 | I51: =IF(B51="","",ROUND(F51*H51,2)) -> 0
A52: 7.8 | B52: 93679 | C52: SINAPI | D52: EXECUÇÃO DE PASSEIO EM PISO INTERTRAVADO, COM BLOCO RETANGULAR COLORIDO DE 20 X 10 CM, ESPESSURA 6 CM. AF_10/2022 (COR VERMELHA) | E52: M2 | F52: =ROUND((8.85*3.08)+(((6+3+3+3)*0.3)-(((6+3+3)*0.1))),2) -> 30.56 | H52: =IF(B52="","",ROUND(G52+(G52*$I$8),2)) -> 0 | I52: =IF(B52="","",ROUND(F52*H52,2)) -> 0
A53: 7.9 | B53: 93679 | C53: SINAPI | D53: EXECUÇÃO DE PASSEIO EM PISO INTERTRAVADO, COM BLOCO RETANGULAR COLORIDO DE 20 X 10 CM, ESPESSURA 6 CM. AF_10/2022 (COR GRAFITE) | E53: M2 | F53: =ROUND(6*8.85,2) -> 53.1 | H53: =IF(B53="","",ROUND(G53+(G53*$I$8),2)) -> 0 | I53: =IF(B53="","",ROUND(F53*H53,2)) -> 0
A54: 7.10 | B54: 92393 | C54: SINAPI | D54: EXECUÇÃO DE PAVIMENTO EM PISO INTERTRAVADO, COM BLOCO SEXTAVADO DE 25 X 25 CM, ESPESSURA 6 CM. AF_10/2022 | E54: M2 | F54: 250.44 | H54: =IF(B54="","",ROUND(G54+(G54*$I$8),2)) -> 0 | I54: =IF(B54="","",ROUND(F54*H54,2)) -> 0
A55: 8 | B55: CERCAMENTO E CORRIMÃO | I55: =SUM(I56:I57) -> 0
A56: 8.1 | B56: 99839 | C56: SINAPI | D56: GUARDA-CORPO DE AÇO GALVANIZADO DE 1,10M DE ALTURA, MONTANTES TUBULARES DE 1.1/2 ESPAÇADOS DE 1,20M, TRAVESSA SUPERIOR DE 2 , GRADIL FORMADO POR BARRAS CHATAS EM FERRO DE 32X4,8MM, FIXADO COM CHUMBADOR MECÂNICO. AF_04/2019_PS | E56: M | F56: =8.66+1.8+1.2+1.8+2.78+11.19+2.44+2+2.44+2.44+2+2.44+3.19+13.93+6.5 -> 64.81 | H56: =IF(B56="","",ROUND(G56+(G56*$I$8),2)) -> 0 | I56: =IF(B56="","",ROUND(F56*H56,2)) -> 0
A57: 8.2 | B57: ED-50937 | C57: SEINFRA-MG (LESTE) | D57: CORRIMÃO DUPLO EM TUBO GALVANIZADO DIN 2440, D = 1 1/2" - FIXADO EM ALVENARIA | E57: m | F57: =5+5+0.1+5+5+1.5+3+1.5+(1.5+1.5+1.5+1.5) -> 32.1 | H57: =IF(B57="","",ROUND(G57+(G57*$I$8),2)) -> 0 | I57: =IF(B57="","",ROUND(F57*H57,2)) -> 0
A58: 9 | B58: MURETA DO MIRANTE (VEDAÇÃO EM COBOGÓ TIPO "CARDUME DE PEIXE") | I58: =SUM(I59:I59) -> 0
A59: 9.1 | B59: 103343 | C59: SINAPI | D59: ALVENARIA DE VEDAÇÃO DE BLOCOS VAZADOS DE CONCRETO DE 9X13X29 CM COM FORMATO DE PEIXE (LARGURA DE 9 CM, ESPESSURA DO DESENHO DE 1 CM E APROVEITAMENTO DE 26,50 UNIDADES POR M2). REFERÊNCIA: 103343 (SINAPI) | E59: M2 | F59: =ROUND(17*(2.9*0.78),2) -> 38.45 | H59: =IF(B59="","",ROUND(G59+(G59*$I$8),2)) -> 0 | I59: =IF(B59="","",ROUND(F59*H59,2)) -> 0
A60: 10 | B60: REVESTIMENTOS E PINTURAS | I60: =SUM(I61:I63) -> 0
A61: 10.1 | B61: 87781 | C61: SINAPI | D61: EMBOÇO OU MASSA ÚNICA EM ARGAMASSA TRAÇO 1:2:8, PREPARO MANUAL, APLICADA MANUALMENTE EM PANOS DE FACHADA COM PRESENÇA DE VÃOS, ESPESSURA DE 35 MM. AF_08/2022 | E61: M2 | F61: =F25*2 -> 81.52 | H61: =IF(B61="","",ROUND(G61+(G61*$I$8),2)) -> 0 | I61: =IF(B61="","",ROUND(F61*H61,2)) -> 0
A62: 10.2 | B62: ED-50498 | C62: SEINFRA-MG (LESTE) | D62: PINTURA LÁTEX (PVA) EM PAREDE, DUAS (2) DEMÃOS, EXCLUSIVE SELADOR ACRÍLICO E MASSA ACRÍLICA/CORRIDA (PVA) | E62: m2 | F62: =(F25+F59)*2 -> 158.42 | H62: =IF(B62="","",ROUND(G62+(G62*$I$8),2)) -> 0 | I62: =IF(B62="","",ROUND(F62*H62,2)) -> 0
A63: 10.3 | B63: 100735 | C63: SINAPI | D63: PINTURA COM TINTA ACRÍLICA DE ACABAMENTO PULVERIZADA SOBRE SUPERFÍCIES METÁLICAS (EXCETO PERFIL) EXECUTADO EM OBRA (POR DEMÃO). AF_01/2020_PE | E63: M2 | F63: =(F56+F57)*1.1 -> 106.601 | H63: =IF(B63="","",ROUND(G63+(G63*$I$8),2)) -> 0 | I63: =IF(B63="","",ROUND(F63*H63,2)) -> 0
A64: 11 | B64: MOBILIÁRIO FIXO | I64: =SUM(I65:I67) -> 0
A65: 11.1 | B65: S/ CÓDIGO | D65: RECUPERAÇÃO DE BANCO DE CONCRETO EXISTENTE (30% DO VALOR DO CÓDIGO SEINFRA-MG ED-48354) | E65: M | F65: 2 | H65: =IF(B65="","",ROUND(G65+(G65*$I$8),2)) -> 0 | I65: =IF(B65="","",ROUND(F65*H65,2)) -> 0
A66: 11.2 | B66: ED-48360 | C66: SEINFRA-MG (LESTE) | D66: CONJUNTO DE MESA E BANCOS DE CONCRETO PARA JOGOS (02 BANCOS EM ARCO COM D INTERNO = 130 CM E H = 43 CM E MESA COM D = 80 CM, E = 8 CM E H = 75 CM) | E66: cj | F66: 4 | H66: =IF(B66="","",ROUND(G66+(G66*$I$8),2)) -> 0 | I66: =IF(B66="","",ROUND(F66*H66,2)) -> 0
A67: 11.3 | B67: 42440 | C67: SINAPI-I | D67: LIXEIRA DUPLA, COM CAPACIDADE VOLUMETRICA DE 60L*, FABRICADA EM TUBO DE ACO CARBONO, CESTOS EM CHAPA DE ACO E PINTURA NO PROCESSO ELETROSTATICO | E67: UN | F67: 2 | H67: =IF(B67="","",ROUND(G67+(G67*$I$8),2)) -> 0 | I67: =IF(B67="","",ROUND(F67*H67,2)) -> 0
A68: 12 | B68: LIMPEZA FINAL DE OBRA | I68: =SUM(I69:I69) -> 0
A69: 12.1 | B69: 99814 | C69: SINAPI | D69: LIMPEZA DE SUPERFÍCIE COM JATO DE ALTA PRESSÃO. AF_04/2019 | E69: M2 | F69: =F18 -> 974.708 | H69: =IF(B69="","",ROUND(G69+(G69*$I$8),2)) -> 0 | I69: =IF(B69="","",ROUND(F69*H69,2)) -> 0
A70: VALOR GLOBAL | I70: =I10+I14+I19+I24+I29+I36+I44+I55+I58+I60+I64+I68 -> 0
A73: Responsável pelo orçamento:
D76: RESPONSÁVEL PELA EMPRESA

Sheet CRONOGRAMA
A2: CRONOGRAMA FÍSICO-FINANCEIRO
A3: PREFEITURA: | B3: Piraúba/MG | I3: DATA DA PLANILHA:
A4: OBJETO: | B4: CONSTRUÇÃO DE MIRANTE NO MORRO DO CRUZEIRO | I4: REGIME DE DESONERAÇÃO: | L4: NÃO-DESONERADO
A5: LOCAL: | B5: Subida do Morro do Cruzeiro, s/n - Centro - Pirauba/MG | I5: DATA-BASE SINAPI: | L5: 02-2023
A6: ITEM | B6: DESCRIÇÃO | C6: VALOR | D6: % INC. | E6: 1º MÊS | G6: 2º MÊS | I6: 3º MÊS | K6: 4º MÊS | M6: TOTAL
E7: % | F7: VALOR | G7: % | H7: VALOR | I7: % | J7: VALOR | K7: % | L7: VALOR
A8: ='[2]PLANILHA CONVÊNIO'!A6 -> 1 | B8: =PLANILHA!B10 -> SERVIÇOS PRELIMINARES | C8: =PLANILHA!I10 -> 0 | D8: =IF(C8<>0,C8/$C$21,"0,00%") -> 0,00% | E8: 1 | F8: =ROUND(C8*E8,2) -> 0 | H8: =ROUND(C8*G8,2) -> 0 | J8: =ROUND(C8*I8,2) -> 0 | L8: =ROUND(C8*K8,2) -> 0 | M8: =F8+H8+J8+L8 -> 0
A9: ='[2]PLANILHA CONVÊNIO'!A47 -> 2 | B9: =PLANILHA!B14 -> MOVIMENTAÇÃO DE TERRA | C9: =PLANILHA!I14 -> 0 | D9: =IF(C9<>0,C9/$C$21,"0,00%") -> 0,00% | E9: 1 | F9: =ROUND(C9*E9,2) -> 0 | H9: =ROUND(C9*G9,2) -> 0 | J9: =ROUND(C9*I9,2) -> 0 | L9: =ROUND(C9*K9,2) -> 0 | M9: =F9+H9+J9+L9 -> 0
A10: ='[2]PLANILHA CONVÊNIO'!A164 -> 3 | B10: =PLANILHA!B19 -> CONTENÇÃO (BASE DA MURETA DO MIRANTE) | C10: =PLANILHA!I19 -> 0 | D10: =IF(C10<>0,C10/$C$21,"0,00%") -> 0,00% | E10: 1 | F10: =ROUND(C10*E10,2) -> 0 | H10: =ROUND(C10*G10,2) -> 0 | J10: =ROUND(C10*I10,2) -> 0 | L10: =ROUND(C10*K10,2) -> 0 | M10: =F10+H10+J10+L10 -> 0
A11: ='[2]PLANILHA CONVÊNIO'!A192 -> 4 | B11: =PLANILHA!B24 -> MURETAS DE DELIMITAÇÃO/PROTEÇÃO DOS PLATÔS (ALVENARIA) | C11: =PLANILHA!I24 -> 0 | D11: =IF(C11<>0,C11/$C$21,"0,00%") -> 0,00% | E11: 0.71567 | F11: =ROUND(C11*E11,2) -> 0 | G11: 0.28433 | H11: =ROUND(C11*G11,2) -> 0 | J11: =ROUND(C11*I11,2) -> 0 | L11: =ROUND(C11*K11,2) -> 0 | M11: =F11+H11+J11+L11 -> 0
A12: 5 | B12: =PLANILHA!B29 -> ESCADAS E RAMPAS | C12: =PLANILHA!I29 -> 0 | D12: =IF(C12<>0,C12/$C$21,"0,00%") -> 0,00% | F12: =ROUND(C12*E12,2) -> 0 | G12: 0.351625 | H12: =ROUND(C12*G12,2) -> 0 | I12: 0.648375 | J12: =ROUND(C12*I12,2) -> 0 | L12: =ROUND(C12*K12,2) -> 0 | M12: =F12+H12+J12+L12 -> 0
A13: 6 | B13: =PLANILHA!B36 -> INSTALAÇÕES ELÉTRICAS (ILUMINAÇÃO DO MIRANTE E CRUZEIRO) | C13: =PLANILHA!I36 -> 0 | D13: =IF(C13<>0,C13/$C$21,"0,00%") -> 0,00% | E13: 0.5593924 | F13: =ROUND(C13*E13,2) -> 0 | G13: 0.1284876 | H13: =ROUND(C13*G13,2) -> 0 | I13: 0.2584444 | J13: =ROUND(C13*I13,2) -> 0 | K13: 0.0536756 | L13: =ROUND(C13*K13,2) -> 0 | M13: =F13+H13+J13+L13 -> 0
A14: 7 | B14: =PLANILHA!B44 -> DRENAGEM PLUVIAL E PAVIMENTAÇÃO | C14: =PLANILHA!I44 -> 0 | D14: =IF(C14<>0,C14/$C$21,"0,00%") -> 0,00% | E14: 0.045 | F14: =ROUND(C14*E14,2) -> 0 | G14: 0.265 | H14: =ROUND(C14*G14,2) -> 0 | I14: 0.2445 | J14: =ROUND(C14*I14,2) -> 0 | K14: 0.4455 | L14: =ROUND(C14*K14,2) -> 0 | M14: =F14+H14+J14+L14 -> 0
A15: 8 | B15: =PLANILHA!B55 -> CERCAMENTO E CORRIMÃO | C15: =PLANILHA!I55 -> 0 | D15: =IF(C15<>0,C15/$C$21,"0,00%") -> 0,00% | F15: =ROUND(C15*E15,2) -> 0 | G15: 0.6 | H15: =ROUND(C15*G15,2) -> 0 | I15: 0.4 | J15: =ROUND(C15*I15,2) -> 0 | L15: =ROUND(C15*K15,2) -> 0 | M15: =F15+H15+J15+L15 -> 0
A16: 9 | B16: =PLANILHA!B58 -> MURETA DO MIRANTE (VEDAÇÃO EM COBOGÓ TIPO "CARDUME DE PEIXE") | C16: =PLANILHA!I58 -> 0 | D16: =IF(C16<>0,C16/$C$21,"0,00%") -> 0,00% | F16: =ROUND(C16*E16,2) -> 0 | H16: =ROUND(C16*G16,2) -> 0 | I16: 1 | J16: =ROUND(C16*I16,2) -> 0 | L16: =ROUND(C16*K16,2) -> 0 | M16: =F16+H16+J16+L16 -> 0
A17: 10 | B17: =PLANILHA!B60 -> REVESTIMENTOS E PINTURAS | C17: =PLANILHA!I60 -> 0 | D17: =IF(C17<>0,C17/$C$21,"0,00%") -> 0,00% | F17: =ROUND(C17*E17,2) -> 0 | H17: =ROUND(C17*G17,2) -> 0 | I17: 0.64724 | J17: =ROUND(C17*I17,2) -> 0 | K17: 0.35276 | L17: =ROUND(C17*K17,2) -> 0 | M17: =F17+H17+J17+L17 -> 0
A18: 11 | B18: =PLANILHA!B64 -> MOBILIÁRIO FIXO | C18: =PLANILHA!I64 -> 0 | D18: =IF(C18<>0,C18/$C$21,"0,00%") -> 0,00% | F18: =ROUND(C18*E18,2) -> 0 | H18: =ROUND(C18*G18,2) -> 0 | J18: =ROUND(C18*I18,2) -> 0 | K18: 1 | L18: =ROUND(C18*K18,2) -> 0 | M18: =F18+H18+J18+L18 -> 0
A19: 12 | B19: =PLANILHA!B68 -> LIMPEZA FINAL DE OBRA | C19: =PLANILHA!I68 -> 0 | D19: =IF(C19<>0,C19/$C$21,"0,00%") -> 0,00% | F19: =ROUND(C19*E19,2) -> 0 | H19: =ROUND(C19*G19,2) -> 0 | J19: =ROUND(C19*I19,2) -> 0 | K19: 1 | L19: =ROUND(C19*K19,2) -> 0 | M19: =F19+H19+J19+L19 -> 0
A20: TOTAL MENSAL | E20: =IF($C$21<>0,F20/$C$21,"0,00%") -> 0,00% | F20: =SUM(F8:F19) -> 0 | G20: =IF($C$21<>0,H20/$C$21,"0,00%") -> 0,00% | H20: =SUM(H8:H19) -> 0 | I20: =IF($C$21<>0,J20/$C$21,"0,00%") -> 0,00% | J20: =SUM(J8:J19) -> 0 | K20: =IF($C$21<>0,L20/$C$21,"0,00%") -> 0,00% | L20: =SUM(L8:L19) -> 0 | M20: =SUM(M8:M19) -> 0
A21: TOTAL ACUMULADO | C21: =SUM(C8:C19) -> 0 | D21: =SUM(D8:D20) -> 0 | E21: =IF($C$21<>0,F21/$C$21,"0,00%") -> 0,00% | F21: =F20 -> 0 | G21: =IF($C$21<>0,H21/$C$21,"0,00%") -> 0,00% | H21: =F21+H20 -> 0 | I21: =IF($C$21<>0,J21/$C$21,"0,00%") -> 0,00% | J21: =H21+J20 -> 0 | K21: =IF($C$21<>0,L21/$C$21,"0,00%") -> 0,00% | L21: =J21+L20 -> 0 | M21: =M20 -> 0
A22: LOCAL / DATA:
A23: RESPONSÁVEL TÉCNICO DA EMPRESA:
A24: REPRESENTANTE LEGAL DA EMPRESA
